 Dungeon Crawl Stone Soup version 0.23.2-1-ga50397a (webtiles) character file.

Game seed: 11073512189074207980

213 MalarOregon the Magician (level 5, 0/38 HPs)
             Began as a Ghoul Earth Elementalist on May 26, 2019.
             Was an Initiate of Vehumet.
             Slain by a phantom (4 damage)
             ... on level 5 of the Dungeon.
             The game lasted 00:09:04 (3535 turns).

MalarOregon the Magician (Ghoul Earth Elementalist) Turns: 3535, Time: 00:09:04

Health: 0/38       AC:  5    Str: 12    XL:     5   Next: 90%
Magic:  0/11       EV: 12    Int: 11    God:    Vehumet [......]
Gold:   192        SH:  0    Dex:  9    Spells: 2/14 levels left

rFire    . . .     SeeInvis .   (no weapon)
rCold    + . .     Gourm    .   (no shield)
rNeg     + + +     Faith    .   c - +1 robe
rPois    ∞         Spirit   .   (no helmet)
rElec    .         Reflect  .   (no cloak)
rCorr    .         Harm     .   n - +1 pair of gloves
MR       .....                  (no boots)
Stlth    ++........             j - amulet of the acrobat
HPRegen  0.00/turn              (no ring)
MPRegen  0.12/turn              (no ring)

@: very slightly contaminated, rotting
A: rotting body, claws 1, carnivore, cold resistance 1, negative energy
resistance 3, inhibited regeneration, torment resistance, unbreathing
a: Renounce Religion


You were on level 5 of the Dungeon.
You worshipped Vehumet.
Vehumet was noncommittal.
You were not hungry.

You visited 1 branch of the dungeon, and saw 5 of its levels.

You collected 192 gold pieces.

Inventory:

Missiles
 b - 22 stones (quivered)
Armour
 c - a +1 robe (worn)
 n - a +1 pair of gloves (worn)
   (You found it on level 4 of the Dungeon)
Jewellery
 j - an amulet of the acrobat (around neck)
   (You found it on level 1 of the Dungeon)
Scrolls
 d - a scroll of fog
 h - a scroll of enchant weapon
 i - 2 scrolls of teleportation {@r4}
 r - a scroll of amnesia
Potions
 a - a potion of magic
 f - a potion of flight {unknown}
 g - 5 potions of curing {@q1}
 k - a potion of invisibility
 l - 2 potions of lignification {unknown}
 o - a potion of resistance
 p - a potion of heal wounds {unknown}
 q - 2 potions of berserk rage {unknown}
Comestibles
 e - 10 rations {!d}


   Skills:
 - Level 1.7 Dodging
 - Level 2.1 Stealth
 + Level 5.0 Spellcasting
   Level 0.8 Transmutations
 - Level 3.2 Earth Magic


You had 2 spell levels left.
You knew the following spells:

 Your Spells              Type           Power        Failure   Level  Hunger
a - Sandblast             Erth           #.....       5%          1    None
b - Lee's Rapid Deconstr  Erth           #.........   83%         5    ######.
f - Mephitic Cloud        Conj/Pois/Air  #.......     54%         3    ###....
x - Stone Arrow           Conj/Erth      #.....       32%         3    ###....

Your spell library contained the following spells:

 Spells                   Type           Power        Failure   Level  Hunger
 Passwall                 Tmut/Erth      #.......     14%         2    ##.....
 Magic Dart               Conj           #...         22%         1    None
 Blink                    Tloc           N/A          32%         2    ##.....
 Call Imp                 Summ           #.......     32%         2    ##.....
 Slow                     Hex            #.......     32%         2    ##.....
 Conjure Flame            Conj/Fire      #.......     54%         3    ###....
 Petrify                  Tmut/Erth      #.......     67%         4    ####...


Dungeon Overview and Level Annotations

Branches:
Dungeon (5/15)
 Temple: D:4-7

Altars:
Dithmenos
Gozag
Makhleb
Ru
Vehumet
The Shining One

Annotations:
D:2 1 runed translucent door, Crazy Yiuf


Innate Abilities, Weirdness & Mutations

Your body is rotting away.
You thrive on raw meat.
You are immune to poison.
You have sharp fingernails.
You are carnivorous and can eat meat at any time.
Your flesh is cold resistant. (rC+)
You are immune to negative energy. (rN+++)
You do not regenerate when monsters are visible.
You are immune to unholy pain and torment.
You can survive without breathing.


Message History

You hit the phantom. The phantom barely misses you.
You hit the phantom. The phantom misses you.
You miss the phantom. The phantom hits you.
* * * LOW HITPOINT WARNING * * *
You closely miss the phantom.
The phantom blinks!
Aim: a phantom (severely damaged)
You miscast Sandblast.
Nothing appears to happen.
The phantom misses you.
You miss the phantom. The phantom hits you.
* * * LOW HITPOINT WARNING * * *
You hit the phantom. The phantom hits you!
* * * LOW HITPOINT WARNING * * *
You barely miss the phantom. The phantom barely misses you.
You barely miss the phantom.
The phantom blinks!
You closely miss the phantom. The phantom hits you.
* * * LOW HITPOINT WARNING * * *
You hit the phantom.
The phantom blinks!
You start resting.
The phantom is too close now for your liking.
You can't see any susceptible monsters within range! (Use Z to cast anyway.)
The phantom blinks!
You can't see any susceptible monsters within range! (Use Z to cast anyway.)
You start resting.
The phantom is too close now for your liking.
The phantom blinks!
You start resting.
The phantom is too close now for your liking.
The phantom blinks!
Aim: a phantom (severely damaged)
The blast of sand misses the phantom.
b - 25 stones The phantom blinks!
You start resting.
The phantom is too close now for your liking.
You can't see any susceptible monsters within range! (Use Z to cast anyway.)
You can't see any susceptible monsters within range! (Use Z to cast anyway.)
Aim: a phantom (severely damaged)
The blast of sand hits the phantom but does no damage.
b - 24 stones
Aim: a phantom (severely damaged)
The blast of sand hits the phantom.
b - 23 stones You barely miss the phantom.
The phantom hits you.
* * * LOW HITPOINT WARNING * * *
You closely miss the phantom.
The phantom blinks!
Aim: a phantom (almost destroyed)
The blast of sand hits the phantom.
b - 22 stones The phantom blinks!
You hit the phantom. The phantom hits you.
You die...

*###...#* *..# *******,* *
#.......#*###..** *,,**,,**
...**#...##...,,** **,**,,* .#**
#.......#,,,## *,*,,** .#
##.......##,,.###,#.,* .#
#........§##,...#...** .#
##.[#...#...##.......* *
.###..##...##..W#.......*** **
..##..##..####..@§..#,,,,,******,
#.....##..# #.....#....,,,,,**,,
##....##..# ##...#...#.,,,,,,,,,
##.......# #..#...##*,,,,,,*,,
*#........#####......# **,,,,***,
#...##..............## *,,,** **
..#####..####......## **,** * .#*
#.## *##..[..** *,,* #* #.#
*,,**,,****,**


You could see a phantom.

Vanquished Creatures
  A jelly (D:4)
  A bullfrog skeleton (D:4)
  A centaur skeleton (D:4)
  An iguana (D:5)
  2 adders (D:2)
  An ooze (D:4)
  2 worms
  3 dart slugs (D:1)
  2 leopard geckos
  An orc (D:3)
  A ball python (D:3)
  2 giant cockroaches
  7 goblins
  8 hobgoblins
  4 jackals (D:1)
  8 kobolds
  A quokka (D:4)
  6 bats
  11 frilled lizards
  5 rats
68 creatures vanquished.

Notes
Turn   | Place    | Note
-------+----------+-------------------------------------------
     0 | D:1      | MalarOregon the Ghoul Earth Elementalist began the quest
                  | for the Orb.
     0 | D:1      | Reached XP level 1. HP: 14/14 MP: 2/2
    27 | D:1      | Reached skill level 2 in Spellcasting
   115 | D:1      | Reached XP level 2. HP: 15/20 MP: 2/4
   293 | D:1      | Reached XP level 3. HP: 26/26 MP: 0/6
   393 | D:1      | Learned a level 3 spell: Stone Arrow
   425 | D:1      | Reached skill level 3 in Spellcasting
  1029 | D:2      | Found a runed translucent door.
  1030 | D:2      | Noticed Crazy Yiuf
  1261 | D:2      | Reached XP level 4. HP: 31/33 MP: 0/8
  1890 | D:3      | Found a sacrificial altar of Ru.
  2075 | D:3      | Found a shadowy altar of Dithmenos.
  2076 | D:3      | Found a radiant altar of Vehumet.
  2078 | D:3      | Found a glowing golden altar of the Shining One.
  2093 | D:3      | Found an opulent altar of Gozag.
  2097 | D:3      | Became a worshipper of Vehumet
  2132 | D:3      | Found a burning altar of Makhleb.
  2133 | D:3      | Noticed a blizzard demon
  2278 | D:3      | Reached skill level 4 in Spellcasting
  2438 | D:4      | Got a jewelled flail
  2476 | D:4      | Reached XP level 5. HP: 24/37 MP: 4/10
  2937 | D:4      | Learned a level 5 spell: Lee's Rapid Deconstruction
  2941 | D:4      | Learned a level 3 spell: Mephitic Cloud
  3380 | D:5      | Entered Level 5 of the Dungeon
  3391 | D:5      | Reached skill level 5 in Spellcasting
  3442 | D:5      | Noticed a phantom
  3535 | D:5      | Slain by a phantom

Skill      XL: |  1  2  3  4  5 |
---------------+----------------+-----
Spellcasting   | 2 3 4 5 |  5.0
Dodging        | |  1.7
Stealth        | |  2.1
Transmutations | |  0.8
Earth Magic    | |  3.2

Action                   |  1- 3 |  4- 6 || total
-------------------------+-------+-------++-------
Melee: Unarmed           |   101 |   110 ||   211
 Cast: Sandblast         |    52 |    58 ||   110
  Use: Scroll            |       |    13 ||    13
 Stab: Sleeping          |     3 |       ||     3
  Eat: Chunk             |    11 |    11 ||    22
       Ration            |     1 |       ||     1
Armor: Robe              |    19 |    18 ||    37
Dodge: Dodged            |    65 |    77 ||   142
